AoeStats
← [NICE_ASS] BigMasi

Golden Pit

509103181Analyzed
1v1 RM · 7d ago on Sep 25, 2026· 36m 50s· 2 players
Game mode
Random Map
Map size
Tiny (2 player)
Population
200
Speed
Normal
Resources
Standard
Victory
Conquest
Starting age
Dark Age
Ending age
Imperial Age
RankedLock teamsTeams togetherTeam positionsShared explorationLock speedFull tech treeHidden civsTurbo modeCheats
Victory
Defeat
🇫🇷 Burmese · France
1393
+15
🇨🇭 Varangians · Switzerland
1382
-15
[NICE_ASS] BigMasi
8:39 Loom
11:58 Feudal Age
10:14 Loom
13:31 Double-Bit Axe
21:12 Castle Age
19:05 Horse Collar
19:38 Gold Mining
19:40 Stone Mining
20:26 Forging
jivarashitaka
2:30 Loom
8:50 Feudal Age
21:00 Castle Age
20:32 Bloodlines
20:30 Scale Barding Armor
20:36 Forging
21:49 Husbandry
Connection lost

Rejoining the realm…

Still unreachable

The connection could not be restored.

Session expired

The server has moved on; the page needs a fresh start.